AoeStats
← Smiley

MegaRandom

510790621Analyzed
2v2 RM · 16h ago on Oct 2, 2026· 42m 22s· 4 players
Game mode
Random Map
Map size
Medium (4 player)
Population
200
Speed
Normal
Resources
Standard
Victory
Conquest
Starting age
Dark Age
Ending age
Imperial Age
RankedLock teamsTeams togetherTeam positionsShared explorationLock speedFull tech treeHidden civsTurbo modeCheats
Victory
Defeat
🇩🇪 Magyars · Germany
1071
+13
🇩🇪 Chinese · Germany
1002
+16
🇷🇸 Vietnamese · Serbia
1025
-15
🇷🇴 Georgians · Romania
986
-14
Smiley
2:28 Loom
11:04 Feudal Age
11:36 Double-Bit Axe
15:32 Gold Mining
18:32 Wheelbarrow
18:45 Fishing Lines
22:46 Castle Age
21:20 Padded Archer Armor
21:11 Fletching
26:46 Bloodlines
26:37 Husbandry
28:49 Thumb Ring
29:18 Stone Mining
32:55 Hand Cart
35:08 Crossbowman
Citizzen
0:47 Loom
14:24 Feudal Age
15:28 Double-Bit Axe
18:58 Castle Age
18:28 Forging
22:35 Bow Saw
25:18 Iron Casting
25:09 Pikeman
33:55 Fishing Lines
36:16 Wheelbarrow
36:16 Gillnets
38:52 Svan Towers
39:20 Fletching
40:23 Ballistics
40:23 Guard Tower
41:36 Treadmill Crane
42:05 Murder Holes
42:18 Gold Mining
42:19 Stone Mining
KölschKavalier
7:18 Loom
10:13 Feudal Age
10:53 Double-Bit Axe
13:57 Scale Barding Armor
15:16 Horse Collar
20:56 Castle Age
19:36 Gold Mining
21:31 Bloodlines
21:29 Scale Barding Armor
22:21 Heavy Plow
23:31 Gold Shaft Mining
23:18 Husbandry
24:50 Wheelbarrow
27:28 Bow Saw
32:16 Fletching
32:47 Chain Barding Armor
34:44 Hand Cart
34:31 Town Watch
38:19 Town Patrol
38:15 Stone Mining
44:09 Imperial Age
El Fotzo
0:27 Loom
11:14 Feudal Age
13:37 Gold Mining
13:49 Double-Bit Axe
16:07 Fletching
16:18 Padded Archer Armor
18:17 Horse Collar
20:21 Gold Mining
23:38 Castle Age
23:43 Crossbowman
24:28 Thumb Ring
23:44 Elite Skirmisher
24:21 Bodkin Arrow
25:13 Gold Shaft Mining
28:54 Ballistics
30:21 Bow Saw
30:04 Stone Mining
32:35 Leather Archer Armor
35:19 Imperial Age
37:04 Two-Man Saw
35:30 Arbalester
39:57 Capped Ram
41:26 Wheelbarrow
40:37 Town Watch
Connection lost

Rejoining the realm…

Still unreachable

The connection could not be restored.

Session expired

The server has moved on; the page needs a fresh start.